 Dungeon Crawl Stone Soup version 0.19.1-28-ge1247f7 (console) character file.

19825 Kloppie the Impaler (level 12, -9/145 HPs)
             Began as a Merfolk Berserker on Jan 21, 2017.
             Was a High Priest of Trog.
             Mangled by an eight-headed hydra (10 damage)
             ... on level 4 of the Lair of Beasts.
             The game lasted 00:17:33 (13255 turns).

Kloppie the Impaler (Merfolk Berserker)            Turns: 13255, Time: 00:17:34

Health: -9/145     AC: 11    Str: 27    XL:     12   Next: 73%
Magic:  10/10      EV: 22    Int:  5    God:    Trog [*****.]
Gold:   651        SH:  0    Dex: 17    Spells: 0 memorised, 11 levels left

rFire  . . .     SeeInvis .     a - +0 trident
rCold  . . .     Gourm    .     L - +0 ring mail of Okioc {MR+ Regen+} (curse)
rNeg   . . .     Faith    .     (no shield)
rPois  .         Spirit   .     s - +2 helmet
rElec  .         Reflect  .     i - +0 cloak {MR+}
rCorr  .         Harm     .     (no gloves)
MR     ++...                    (no boots)
Stlth  ..........               (no amulet)
                                v - +4 ring of strength
                                o - +2 ring of protection

@: berserking, very quick
A: change form in water, swift swim, stealthy swim, dopey 1, low mp 1, mutation
resistance 1
a: Berserk, Trog's Hand, Brothers in Arms, Burn Spellbooks, Renounce Religion


You were on level 4 of the Lair of Beasts.
You worshipped Trog.
Trog was extremely pleased with you.
You were very hungry.

You visited 2 branches of the dungeon, and saw 14 of its levels.

You collected 741 gold pieces.
You spent 90 gold pieces at shops.

Inventory:

Hand Weapons
 a - a +0 trident (weapon)
 b - a +0 glaive
Armour
 i - a +0 cloak of magic resistance (worn)
 s - a +2 helmet (worn)
 L - the cursed +0 ring mail of Okioc (worn) {MR+ Regen+}
   (You found it on level 3 of the Lair of Beasts)

   It affects your resistance to hostile enchantments.
   It increases your rate of regeneration.
   It has a curse placed upon it.
Jewellery
 o - a +2 ring of protection (left hand)
 q - an uncursed ring of stealth
 v - a +4 ring of strength (right hand)
 F - a cursed ring of teleportation {unknown}
Wands
 g - a wand of disintegration (16/24)
 t - a wand of digging (18/24)
 A - a wand of polymorph (11/24)
 K - a wand of polymorph (12/24)
Scrolls
 e - 10 scrolls of remove curse
 k - 2 scrolls of fear
 p - a scroll of fog
 u - a scroll of holy word
 w - 3 scrolls of blinking
 x - 3 scrolls of enchant weapon
 y - 5 scrolls of recharging
 z - 3 scrolls of teleportation
 C - 3 scrolls of magic mapping
 D - 2 scrolls of enchant armour
 H - 2 scrolls of identify
Potions
 d - 2 potions of agility
 h - 2 potions of ambrosia
 j - 3 potions of heal wounds
 m - a potion of cancellation
 r - a potion of haste
 G - 4 potions of curing
 I - a potion of might
 J - a potion of magic
 M - a potion of berserk rage
Comestibles
 c - 8 bread rations
 f - 10 meat rations
 l - 4 royal jellies
 n - 3 slices of pizza
 B - 3 beef jerkies
 E - 2 chunks of flesh


   Skills:
 - Level 9.6 Fighting
 + Level 19.3 Polearms
 - Level 1.3 Armour
 + Level 15.2 Dodging


You had 11 spell levels left.
You didn't know any spells.

Dungeon Overview and Level Annotations

Branches:
Dungeon (10/15)            Temple (0/1) D:5            Lair (4/6) D:8
  Swamp (0/4) Lair:3        Snake (0/4) Lair:4
    Orc: D:9-12

Altars:

Shops:
D:4 [


Innate Abilities, Weirdness & Mutations

You revert to your normal form in water.
You are very nimble and swift while swimming.
You are very stealthy in the water. (Stealth+)
You are dopey. (Int -2)
Your magical capacity is low. (-10% MP)
You are somewhat resistant to further mutation.


Message History

The eight-headed hydra bites you but does no damage.
The eight-headed hydra bites you.
* * * LOW HITPOINT WARNING * * *
The eight-headed hydra misses you.
The eight-headed hydra completely misses you. x2
The eight-headed hydra misses you.
The eight-headed hydra closely misses you.
You puncture the eight-headed hydra!
The eight-headed hydra is severely wounded.
You barely miss the eight-headed hydra.
The eight-headed hydra is severely wounded.
The eight-headed hydra bites you!
* * * LOW HITPOINT WARNING * * *
The eight-headed hydra bites you!
* * * LOW HITPOINT WARNING * * *
The eight-headed hydra bites you but does no damage.
The eight-headed hydra bites you.
* * * LOW HITPOINT WARNING * * *
The eight-headed hydra bites you!
You die...

## ############ ###
P##P##P...#.P##.####.#
.....................#
...........#........##
##.....##.P...#....#
##.....##.........##
#..................##
............D@<.#...#.#
..#............##...###
. #.......P....#....#
##...........##...#
#........#.##....#
.P......#.##.#P...#
..................##
...................#
................##


You could see an eight-headed hydra.

Vanquished Creatures
  A hydra (Lair:2)
  Urug (Lair:4)
  A hill giant (D:8)
  The ghost of smzp the Insei, a novice MfTm (D:5)
  A black mamba (Lair:1)
  A spiny frog (Lair:3)
  A rime drake (Lair:3)
  4 komodo dragons
  A polar bear (Lair:4)
  A merfolk (D:9)
  14 blink frogs
  6 dream sheep
  4 hippogriffs
  Sigmund (D:2)
  20 yaks
  A wyvern (Lair:2)
  Grum (D:8)
  2 hungry ghosts
  A basilisk (Lair:3)
  A mottled dragon (D:8)
  4 nagas (Lair:4)
  6 porcupines
  5 water moccasins
  3 ice beasts
  3 phantoms
  A sky beast (D:8)
  An eye of draining (D:8)
  2 orc warriors
  2 black bears
  2 necrophages
  An ogre (D:7)
  11 wolves
  3 centaurs
  4 boggarts (Lair:4)
  6 crocodiles
  11 bullfrogs
  6 scorpions
  3 killer bees (D:10)
  5 wights (D:9)
  A howler monkey (D:6)
  3 crimson imps
  A quasit (D:6)
  A bullfrog zombie (D:7)
  2 hounds
  A jelly (D:6)
  3 orc priests
  2 centaur skeletons
  5 iguanas
  6 orc wizards
  6 worker ants
  3 hound skeletons
  10 gnolls
  5 adders
  3 shadow imps
  3 dart slugs
  6 leopard geckos
  24 orcs
  4 giant cockroaches
  4 goblins
  8 hobgoblins
  10 jackals
  6 quokkas
  A ball python (D:3)
  6 bats
  4 frilled lizards
  6 kobolds
  A quokka skeleton (D:4)
  7 rats
285 creatures vanquished.

Vanquished Creatures (others)
  6 fungi
  2 plants (Lair:4)
8 creatures vanquished.

Grand Total: 293 creatures vanquished

Notes
Turn   | Place    | Note
-------+----------+-------------------------------------------
     0 | D:1      | Kloppie the Merfolk Berserker began the quest for the Orb.
     0 | D:1      | Reached XP level 1. HP: 18/18 MP: 1/1
    49 | D:1      | Reached XP level 2. HP: 22/24 MP: 2/2
   299 | D:1      | Reached skill level 5 in Polearms
   599 | D:1      | Reached XP level 3. HP: 30/30 MP: 3/3
   847 | D:2      | Reached ** piety under Trog
   960 | D:2      | Noticed Sigmund
   972 | D:2      | Killed Sigmund
   972 | D:2      | Reached skill level 5 in Fighting
   972 | D:2      | Reached skill level 7 in Polearms
   972 | D:2      | Reached XP level 4. HP: 39/39 MP: 4/4
   972 | D:2      | Reached XP level 5. HP: 44/44 MP: 5/5
  1564 | D:3      | Reached XP level 6. HP: 51/51 MP: 6/6
  3068 | D:4      | Noticed a phantom
  3114 | D:4      | Killed a phantom
  3114 | D:4      | Reached skill level 8 in Polearms
  3384 | D:4      | Found Tokhlak's Antique Armour Shop.
  3460 | D:4      | Reached XP level 7. HP: 47/58 MP: 7/7
  3476 | D:4      | Bought a helmet for 90 gold pieces
  3610 | D:5      | Entered Level 5 of the Dungeon
  3620 | D:5      | Found a staircase to the Ecumenical Temple.
  3631 | D:5      | Reached *** piety under Trog
  3789 | D:5      | Reached skill level 9 in Polearms
  4119 | D:5      | Noticed smzp's ghost (novice MfTm)
  4135 | D:5      | Killed smzp's ghost
  4135 | D:5      | Reached skill level 10 in Polearms
  4135 | D:5      | Reached skill level 5 in Dodging
  4135 | D:5      | Reached XP level 8. HP: 65/65 MP: 8/8
  4532 | D:5      | Reached skill level 11 in Polearms
  5188 | D:6      | Reached XP level 9. HP: 71/71 MP: 9/9
  5304 | D:6      | Reached skill level 12 in Polearms
  5362 | D:6      | Gained mutation: Your magical capacity is low. (-10% MP) [potion of mutation]
  5362 | D:6      | Gained mutation: You are dopey. (Int -2) [potion of mutation]
  5362 | D:6      | Gained mutation: You are somewhat resistant to further mutation. [potion of mutation]
  5412 | D:6      | Received a gift from Trog
  5627 | D:6      | Reached **** piety under Trog
  6652 | D:8      | Reached skill level 13 in Polearms
  6708 | D:8      | Noticed Grum
  6729 | D:8      | Killed Grum
  6729 | D:8      | HP: 5/108 [wolf[Grum] (6)]
  7047 | D:8      | Reached XP level 10. HP: 80/80 MP: 9/9
  7055 | D:8      | Reached skill level 14 in Polearms
  7057 | D:8      | Got a crystal spear
  7058 | D:8      | Identified the cursed +0 spear "Apeital" {venom, Str+3} (You found it on level 8 of the Dungeon)
  7683 | D:8      | Noticed a hill giant
  7697 | D:8      | Killed a hill giant
  7768 | D:8      | Reached skill level 15 in Polearms
  7894 | D:8      | Found a staircase to the Lair.
  8912 | D:9      | Reached skill level 10 in Dodging
  9329 | D:10     | Entered Level 10 of the Dungeon
  9502 | D:10     | Reached skill level 16 in Polearms
  9610 | D:10     | Reached XP level 11. HP: 80/90 MP: 9/9
  9833 | Lair:1   | Entered Level 1 of the Lair of Beasts
 10038 | Lair:1   | Reached ***** piety under Trog
 10225 | Lair:1   | Reached skill level 17 in Polearms
 11142 | Lair:3   | Noticed a five-headed hydra
 11155 | Lair:2   | Killed a five-headed hydra
 11695 | Lair:3   | Reached skill level 18 in Polearms
 11695 | Lair:3   | Reached XP level 12. HP: 95/97 MP: 10/10
 11711 | Lair:3   | Found a staircase to the Swamp.
 11799 | Lair:3   | Got a crude ring mail
 11810 | Lair:3   | Identified the cursed +0 ring mail of Okioc {MR+ Regen+} (You found it on level 3 of the Lair of Beasts)
 12214 | Lair:4   | Noticed Urug
 12223 | Lair:4   | Killed Urug
 12454 | Lair:4   | Reached skill level 19 in Polearms
 12813 | Lair:4   | Found a staircase to the Snake Pit.
 12860 | Lair:4   | Reached skill level 15 in Dodging
 13235 | Lair:4   | Noticed an eight-headed hydra
 13255 | Lair:4   | HP: 6/145 [eight-headed hydra (7)]
 13255 | Lair:4   | HP: 1/145 [eight-headed hydra (5)]
 13255 | Lair:4   | Mangled by an eight-headed hydra

Skill      XL: |  1  2  3  4  5  6  7  8  9 10 11 12 |
---------------+-------------------------------------+-----
Polearms       | 5 7 8 10 11 13 16 18 19 | 19.3
Fighting       | 5 6 8 9 |  9.6
Dodging        | 5 7 9 10 13 15 | 15.2
Armour         | |  1.3

Action                   |  1- 3 |  4- 6 |  7- 9 | 10-12 || total
-------------------------+-------+-------+-------+-------++-------
Melee: Spear             |   100 |   197 |   181 |    16 ||   494
       Tailslap          |     1 |       |       |     1 ||     2
       Halberd           |       |       |   190 |   387 ||   577
       Glaive            |       |       |       |   272 ||   272
       Trident           |       |       |       |    17 ||    17
Invok: Berserk           |     1 |     2 |     6 |    11 ||    20
       Trog's Hand       |       |     1 |     2 |     2 ||     5
  Use: Scroll            |       |     9 |     3 |     8 ||    20
       Potion            |       |       |    11 |     4 ||    15
 Stab: Invisible         |       |       |     5 |       ||     5
       Sleeping          |       |       |       |     2 ||     2
  Eat: Chunk             |       |    11 |    19 |    33 ||    63
Armor: Animal skin       |     6 |       |       |       ||     6
       Ring mail         |     5 |    24 |    91 |    50 ||   170
       Mottled dragon sc |       |       |       |    60 ||    60
       Skin              |       |       |       |    71 ||    71
Dodge: Dodged            |    38 |    68 |   185 |   429 ||   720
